Map: Dusk Towers

Players

Cleopatra

  • Race: Terran Terran
  • League: Silver
  • Spawn Location: 7:00

Fropez - Winner!

  • Race: Protoss Protoss
  • League: Silver
  • Spawn Location: 1:00

VOD

Have the link to the VOD?

Description

Time

  • Played on: May 18, 2016, 10:57 a.m.
  • Length: 4:39
Show
View Real Time Build Order
Export as new Build Order

Cleopatra Terran 

Build Orders:  

Get SALT Encoding   

  12  0:02  SCV  
  13  0:14  SCV  
  14  0:25  Supply Depot  
  14  0:26  SCV  
  15  0:47  SCV  
  16  0:53  Barracks  
  16  0:56  Supply Depot  
  16  0:59  SCV  
  16  1:03  Refinery  
  17  1:15  Barracks  
  17  1:23  SCV  
  18  1:35  SCV  
  19  1:47  SCV  
  19  1:53  Barracks Reactor  
  20  2:00  Orbital Command  
  20  2:04  Barracks  
  20  2:09  Barracks  
  20  2:10  Barracks Tech Lab  
  20  2:23  Supply Depot  
  19  2:41  SCV  
  19  2:43  Marine  
  19  2:44  Marine  
  21  2:48  Marauder  
  24  3:00  Supply Depot  
  24  3:03  SCV  
  25  3:07  Barracks Reactor  
  25  3:10  Marine  
  26  3:13  Marine  
  26  3:15  SCV  
  26  3:17  Marine x2  
  30  3:29  Barracks Reactor  
  30  3:31  Marine  
  30  3:34  Marine, Barracks  
  31  3:39  Marine  
  33  3:49  Marauder  
  33  3:52  Marine  
  36  4:08  Marine  
  36  4:10  Marine  
  36  4:11  Marauder  
Show
View Real Time Build Order
Export as new Build Order

Fropez Protoss - Winner!

Build Orders:  

Get SALT Encoding   

  12  0:11  Pylon  
  12  0:15  Probe (Chrono Boost)  
  13  0:33  Gateway  
  13  0:48  Probe (Chrono Boost)  
  14  0:55  Assimilator  
  14  0:58  Probe (Chrono Boost)  
  15  1:08  Pylon  
  15  1:09  Probe (Chrono Boost)  
  16  1:19  Probe (Chrono Boost)  
  16  1:21  Cybernetics Core  
  17  1:27  Assimilator  
  17  1:30  Probe (Chrono Boost)  
  18  1:36  Gateway  
  18  1:41  Probe (Chrono Boost)  
  19  1:59  Probe (Chrono Boost)  
  20  2:03  Warp Gate (Chrono Boost)  
  20  2:05  Gateway  
  20  2:10  Probe (Chrono Boost)  
  21  2:20  Probe (Chrono Boost)  
  22  2:39  Probe (Chrono Boost)  
  25  2:46  Stalker  
  25  2:52  Pylon  
  25  2:55  Pylon  
  26  3:03  Mothership Core (Chrono Boost)  
  27  3:07  Stalker  
  27  3:08  Pylon  
  29  3:21  Probe (Chrono Boost), Forge  
  30  3:32  Probe  
  31  3:36  Stalker  
  33  3:44  Probe  
  34  3:56  Probe  
  34  3:59  Photon Cannon  
  35  4:08  Probe  
  36  4:29  Stalker  
Tags
 
Matchup
PvT
Replay Pack
All Mines
Spawn Locations
Cross Positions
Add a new tag
Caveats
  • Supply blocks, unpowered buildings, or Contaminate may cause inaccurate times.
  • Supply counts are checked every 10 seconds.